| TOP OF THE 1ST |
|
Spartanburg Spartans batting - Pitching for Greenwood Grizzlies : RHP Dan del Valle
|
|
Pitching: RHP Dan del Valle
|
|
|
Batting: SHB Michael Vanderburg
|
0-0: Foul Ball, location: 2F 0-1: Called Strike 0-2: Ball 1-2: Ball 2-2: Ball 3-2: Base on Balls
|
|
Batting: RHB Ron Dillard
|
0-0: Ball Pickoff Throw to First - Error! E1 Michael Vanderburg to second 1-0: Ball Michael Vanderburg is caught stealing 3rd base 2-5 2-0: Ball 3-0: Called Strike 3-1: Swinging Strike 3-2: Foul Ball, location: 2F 3-2: Foul Ball, location: 2F 3-2: Ground out 4-3 (Groundball, 4, EV 104.4 MPH)
|
|
Batting: LHB John Hennell
|
0-0: Foul Ball, location: 2F 0-1: Foul Ball, location: 2F 0-2: Strikes out swinging
|
| Top of the 1st over - 0 runs, 0 hits, 1 error, 0 left on base; Spartanburg 0 - Greenwood 0 |
| BOTTOM OF THE 1ST |
|
Greenwood Grizzlies batting - Pitching for Spartanburg Spartans : LHP Michael Bungarz
|
|
Pitching: LHP Michael Bungarz
|
|
|
Batting: RHB Dave Gallagher
|
0-0: Ball 1-0: Swinging Strike 1-1: Ground out 3-1 (Groundball, 34S, EV 79.4 MPH)
|
|
Batting: RHB Robert Weirum
|
0-0: Ball 1-0: Swinging Strike 1-1: TRIPLE (Flyball, 9LD, EV 102.5 MPH)
|
|
Batting: LHB Mike Greenwell
|
0-0: Ball 1-0: Called Strike 1-1: Ball 2-1: SINGLE (Line Drive, 5D, EV 104.4 MPH) Robert Weirum scores
|
|
Batting: LHB Daryl Boston
|
0-0: Swinging Strike 0-1: Fly out, F6 (Popup, 6, EV 56.3 MPH)
|
|
Batting: RHB Jim Sherman
|
0-0: Called Strike 0-1: Ball 1-1: Fielders Choice at 2nd, 5-4 (Groundball, 56, EV 102.5 MPH)
|
| Bottom of the 1st over - 1 run, 2 hits, 0 errors, 1 left on base; Spartanburg 0 - Greenwood 1 |
| TOP OF THE 2ND |
|
Spartanburg Spartans batting - Pitching for Greenwood Grizzlies : RHP Dan del Valle
|
|
Batting: RHB Gib Seibert
|
0-0: Called Strike 0-1: Fly out, F6 (Line Drive, 6, EV 69.4 MPH)
|
|
Batting: RHB Dan Boever
|
0-0: Called Strike 0-1: Foul Ball, location: 2F 0-2: Ball 1-2: Ground out 4-3 (Groundball, 34D, EV 90.6 MPH)
|
|
Batting: LHB Albert Ortiz
|
0-0: Ball 1-0: Ground out 5-3 (Groundball, 56S, EV 81.9 MPH)
|
| Top of the 2nd over - 0 runs, 0 hits, 0 errors, 0 left on base; Spartanburg 0 - Greenwood 1 |
| BOTTOM OF THE 2ND |
|
Greenwood Grizzlies batting - Pitching for Spartanburg Spartans : LHP Michael Bungarz
|
|
Batting: RHB George Chadwick
|
0-0: Ball 1-0: Foul Ball, location: 2F 1-1: Swinging Strike 1-2: Foul Ball, location: 2F 1-2: TRIPLE (Groundball, 3L, EV 109.4 MPH)
|
|
Batting: RHB Carlos Urias
|
0-0: Ball 1-0: Ground out 4-3 (Groundball, 4, EV 92.5 MPH) George Chadwick scores
|
|
Batting: RHB Jordan Chavez
|
0-0: Foul Ball, location: 2F 0-1: Called Strike 0-2: SINGLE (Flyball, 9LM, EV 91.3 MPH)
|
|
Batting: RHB Richard Gonzalez
|
0-0: Ball 1-0: Ball 2-0: SINGLE (Line Drive, 9S, EV 98.1 MPH) Jordan Chavez to second Runner from 2nd tries for 3rd, SAFE, throw by RF made to third
|
|
Batting: RHB Dave Gallagher
|
0-0: Fielders Choice at 2nd, 1-6 (Groundball, 34S, EV 71.9 MPH)
|
|
Batting: RHB Robert Weirum
|
0-0: Swinging Strike 0-1: Fly out, F9 (Flyball, 9LS, EV 88.1 MPH)
|
| Bottom of the 2nd over - 1 run, 3 hits, 0 errors, 2 left on base; Spartanburg 0 - Greenwood 2 |
| TOP OF THE 3RD |
|
Spartanburg Spartans batting - Pitching for Greenwood Grizzlies : RHP Dan del Valle
|
|
Batting: RHB Rigo Rodriguez
|
0-0: Foul Ball, location: 2F 0-1: Ball 1-1: Foul Ball, location: 2F 1-2: Foul Ball, location: 2F 1-2: Ball 2-2: Foul Ball, location: 2F 2-2: Ball 3-2: Strikes out swinging
|
|
Batting: LHB Ronn Van Krevelen
|
0-0: Ball 1-0: Called Strike 1-1: Fly out, F3 (Line Drive, 3, EV 71.3 MPH)
|
|
Batting: RHB Robin Dreizler
|
0-0: Ball 1-0: Ball 2-0: Ground out U3 (Groundball, 34, EV 78.1 MPH)
|
| Top of the 3rd over - 0 runs, 0 hits, 0 errors, 0 left on base; Spartanburg 0 - Greenwood 2 |
| BOTTOM OF THE 3RD |
|
Greenwood Grizzlies batting - Pitching for Spartanburg Spartans : LHP Michael Bungarz
|
|
Batting: LHB Mike Greenwell
|
0-0: Called Strike 0-1: Ball 1-1: Ball 2-1: Ground out 6-3 (Groundball, 6, EV 105.0 MPH)
|
|
Batting: LHB Daryl Boston
|
0-0: Fly out, F8 (Line Drive, 8RD, EV 102.5 MPH)
|
|
Batting: RHB Jim Sherman
|
0-0: Called Strike 0-1: Foul Ball, location: 2F 0-2: Ball 1-2: Ball 2-2: SINGLE (Groundball, 56S, EV 64.4 MPH) (infield hit)
|
|
Batting: RHB George Chadwick
|
0-0: Called Strike Jim Sherman steals 2nd base 0-1: Fly out, F9 (Flyball, 89S, EV 76.9 MPH)
|
| Bottom of the 3rd over - 0 runs, 1 hit, 0 errors, 1 left on base; Spartanburg 0 - Greenwood 2 |
| TOP OF THE 4TH |
|
Spartanburg Spartans batting - Pitching for Greenwood Grizzlies : RHP Dan del Valle
|
|
Batting: SHB Michael Vanderburg
|
0-0: Ball 1-0: Ball 2-0: Foul Ball, location: 2F 2-1: Ground out 6-3 (Groundball, 6, EV 83.1 MPH)
|
|
Batting: RHB Ron Dillard
|
0-0: Called Strike 0-1: Ball 1-1: Foul Ball, location: 2F 1-2: Ball 2-2: Ball 3-2: Base on Balls
|
|
Batting: LHB John Hennell
|
0-0: Ball 1-0: Ball 2-0: Grounds into double play, 4-6-3 (Groundball, 4, EV 91.9 MPH)
|
| Top of the 4th over - 0 runs, 0 hits, 0 errors, 0 left on base; Spartanburg 0 - Greenwood 2 |
| BOTTOM OF THE 4TH |
|
Greenwood Grizzlies batting - Pitching for Spartanburg Spartans : LHP Michael Bungarz
|
|
Batting: RHB Carlos Urias
|
0-0: Ball 1-0: Called Strike 1-1: Ball 2-1: Foul Ball, location: 2F 2-2: Foul Ball, location: 2F 2-2: Ball 3-2: Foul Ball, location: 2F 3-2: Ground out 3-1 (Groundball, 34S, EV 65.6 MPH)
|
|
Batting: RHB Jordan Chavez
|
0-0: SINGLE (Line Drive, 9S, EV 85.0 MPH)
|
|
Batting: RHB Richard Gonzalez
|
0-0: Ball 1-0: Foul Ball, location: 2F 1-1: Swinging Strike 1-2: Strikes out looking
|
|
Batting: RHB Dave Gallagher
|
0-0: Ball 1-0: Called Strike 1-1: Ball 2-1: Fly out, F4 (Popup, 34, EV 75.6 MPH)
|
| Bottom of the 4th over - 0 runs, 1 hit, 0 errors, 1 left on base; Spartanburg 0 - Greenwood 2 |
| TOP OF THE 5TH |
|
Spartanburg Spartans batting - Pitching for Greenwood Grizzlies : RHP Dan del Valle
|
|
Batting: RHB Gib Seibert
|
0-0: Ball 1-0: Ground out U3 (Groundball, 3L, EV 96.3 MPH)
|
|
Batting: RHB Dan Boever
|
0-0: Ball 1-0: Foul Ball, location: 2F 1-1: Ball 2-1: Swinging Strike 2-2: Ground out 4-3 (Groundball, 4S, EV 85.6 MPH)
|
|
Batting: LHB Albert Ortiz
|
0-0: Foul Ball, location: 2F 0-1: Ground out 4-3 (Groundball, 4, EV 81.3 MPH)
|
| Top of the 5th over - 0 runs, 0 hits, 0 errors, 0 left on base; Spartanburg 0 - Greenwood 2 |
| BOTTOM OF THE 5TH |
|
Greenwood Grizzlies batting - Pitching for Spartanburg Spartans : LHP Michael Bungarz
|
|
Batting: RHB Robert Weirum
|
0-0: SINGLE (Groundball, 3S, EV 75.6 MPH) (infield hit)
|
|
Batting: LHB Mike Greenwell
|
0-0: Fly out, F6 (Flyball, 56D, EV 85.0 MPH)
|
|
Batting: LHB Daryl Boston
|
0-0: Foul Ball, location: 2F 0-1: Ball 1-1: Fly out, F8 (Flyball, 8RS, EV 83.8 MPH)
|
|
Batting: RHB Jim Sherman
|
0-0: Called Strike 0-1: Ground out 4-3 (Groundball, 4, EV 85.0 MPH)
|
| Bottom of the 5th over - 0 runs, 1 hit, 0 errors, 1 left on base; Spartanburg 0 - Greenwood 2 |
| TOP OF THE 6TH |
|
Spartanburg Spartans batting - Pitching for Greenwood Grizzlies : RHP Dan del Valle
|
|
Batting: RHB Rigo Rodriguez
|
0-0: Ball 1-0: Ball 2-0: Foul Ball, location: 2F 2-1: Ground out 4-3 (Groundball, 4, EV 86.9 MPH)
|
|
Batting: LHB Ronn Van Krevelen
|
0-0: Called Strike 0-1: Swinging Strike 0-2: Foul Ball, location: 2F 0-2: Foul Ball, location: 2F 0-2: Ground out U3 (Groundball, 3L, EV 83.8 MPH)
|
|
Batting: RHB Robin Dreizler
|
0-0: Ball 1-0: Called Strike 1-1: Swinging Strike 1-2: Strikes out swinging
|
| Top of the 6th over - 0 runs, 0 hits, 0 errors, 0 left on base; Spartanburg 0 - Greenwood 2 |
| BOTTOM OF THE 6TH |
|
Greenwood Grizzlies batting - Pitching for Spartanburg Spartans : LHP Michael Bungarz
|
|
Batting: RHB George Chadwick
|
0-0: Ground out 6-3 (Groundball, 6, EV 88.8 MPH)
|
|
Batting: RHB Carlos Urias
|
0-0: Called Strike 0-1: Ball 1-1: Ground out 5-3 (Groundball, 5L, EV 102.5 MPH)
|
|
Batting: RHB Jordan Chavez
|
0-0: Ball 1-0: Ball 2-0: Fly out, F9 (Flyball, 9, EV 88.8 MPH)
|
| Bottom of the 6th over - 0 runs, 0 hits, 0 errors, 0 left on base; Spartanburg 0 - Greenwood 2 |
| TOP OF THE 7TH |
|
Spartanburg Spartans batting - Pitching for Greenwood Grizzlies : RHP Dan del Valle
|
|
Batting: SHB Michael Vanderburg
|
0-0: Swinging Strike 0-1: Called Strike 0-2: Ball 1-2: SINGLE (Flyball, 8RS, EV 91.9 MPH)
|
|
Batting: RHB Ron Dillard
|
0-0: Ball 1-0: Bunt missed! 1-1: Bunt missed! 1-2: Strikes out swinging
|
|
Batting: LHB John Hennell
|
0-0: Ball 1-0: Ball 2-0: Ball 3-0: Base on Balls Michael Vanderburg to second
|
|
Batting: RHB Gib Seibert
|
0-0: Called Strike 0-1: Foul Ball, location: 2F 0-2: Ball 1-2: Foul Ball, location: 2F 1-2: SINGLE (Line Drive, 56D, EV 101.9 MPH) Michael Vanderburg to third John Hennell to second
|
|
Batting: RHB Dan Boever
|
0-0: Called Strike 0-1: Ball 1-1: Ball 2-1: Called Strike 2-2: Foul Ball, location: 2F 2-2: Strikes out swinging
|
|
Batting: LHB Albert Ortiz
|
0-0: Fielders Choice at 2nd, 6-4 (Groundball, 6MD, EV 85.0 MPH)
|
| Top of the 7th over - 0 runs, 2 hits, 0 errors, 3 left on base; Spartanburg 0 - Greenwood 2 |
| BOTTOM OF THE 7TH |
|
Greenwood Grizzlies batting - Pitching for Spartanburg Spartans : LHP Michael Bungarz
|
|
Batting: RHB Richard Gonzalez
|
0-0: Ball 1-0: Swinging Strike 1-1: Ball 2-1: Swinging Strike 2-2: Strikes out swinging
|
|
Batting: RHB Dave Gallagher
|
0-0: Ground out 5-3 (Groundball, 56S, EV 72.5 MPH)
|
|
Batting: RHB Robert Weirum
|
0-0: Swinging Strike 0-1: Ball 1-1: Ball 2-1: Ground out 4-3 (Groundball, 4, EV 85.0 MPH)
|
| Bottom of the 7th over - 0 runs, 0 hits, 0 errors, 0 left on base; Spartanburg 0 - Greenwood 2 |
| TOP OF THE 8TH |
|
Spartanburg Spartans batting - Pitching for Greenwood Grizzlies : RHP Dan del Valle
|
|
Batting: RHB Rigo Rodriguez
|
0-0: Ball 1-0: Foul Ball, location: 2F 1-1: Foul Ball, location: 2F 1-2: Ball 2-2: Ball 3-2: Foul Ball, location: 2F 3-2: Base on Balls
|
|
Batting: LHB Ronn Van Krevelen
|
0-0: Ball 1-0: Ball 2-0: Ball 3-0: Called Strike 3-1: Base on Balls Rigo Rodriguez to second
|
|
Batting: RHB Robin Dreizler
|
0-0: Ground out 3-1 (Groundball, 13, EV 84.4 MPH) Rigo Rodriguez to third Ronn Van Krevelen to second
|
|
Batting: SHB Michael Vanderburg
|
0-0: Ball 1-0: Ball 2-0: Ball 3-0: Base on Balls
|
|
Batting: RHB Ron Dillard
|
0-0: Swinging Strike 0-1: Swinging Strike 0-2: Foul Ball, location: 2F 0-2: Ball 1-2: Grounds into fielders choice 5-2 (Groundball, 56S, EV 84.4 MPH) Ronn Van Krevelen to third Michael Vanderburg to second
|
|
Batting: LHB John Hennell
|
0-0: Swinging Strike 0-1: Foul Ball, location: 2F 0-2: Ball 1-2: GRAND SLAM HOME RUN (Flyball, 89XD, EV 85.0 MPH), Distance : 425 ft
|
|
Batting: RHB Gib Seibert
|
0-0: Ground out 5-3 (Groundball, 5, EV 83.1 MPH)
|
| Top of the 8th over - 4 runs, 1 hit, 0 errors, 0 left on base; Spartanburg 4 - Greenwood 2 |
| BOTTOM OF THE 8TH |
|
Greenwood Grizzlies batting - Pitching for Spartanburg Spartans : LHP Michael Bungarz
|
|
Batting: LHB Mike Greenwell
|
0-0: Called Strike 0-1: Called Strike 0-2: Foul Ball, location: 2F 0-2: Fly out, F9 (Flyball, 9S, EV 95.6 MPH)
|
|
Batting: LHB Daryl Boston
|
0-0: Foul Ball, location: 2F 0-1: Foul Ball, location: 2F 0-2: Fly out, F8 (Flyball, 8LD, EV 80.6 MPH)
|
|
Batting: RHB Jim Sherman
|
0-0: Called Strike 0-1: Called Strike 0-2: Foul Ball, location: 2F 0-2: Ball 1-2: Foul Ball, location: 2F 1-2: DOUBLE (Line Drive, 78M, EV 88.1 MPH)
|
|
Pitching: LHP Nick Fiorillo
|
|
|
Batting: RHB George Chadwick
|
0-0: Foul Ball, location: 2F 0-1: Ball 1-1: Called Strike 1-2: Ground out 5-3 (Groundball, 56S, EV 61.9 MPH)
|
| Bottom of the 8th over - 0 runs, 1 hit, 0 errors, 1 left on base; Spartanburg 4 - Greenwood 2 |
| TOP OF THE 9TH |
|
Spartanburg Spartans batting - Pitching for Greenwood Grizzlies : RHP Dan del Valle
|
|
Batting: RHB Dan Boever
|
0-0: Ball 1-0: Ball 2-0: Ball 3-0: Base on Balls
|
|
Batting: LHB Albert Ortiz
|
0-0: Fielders Choice at 2nd, 6-4 (Groundball, 56, EV 104.4 MPH)
|
|
Pitching: RHP Carl Nicholson
|
|
|
Batting: RHB Rigo Rodriguez
|
0-0: Ball 1-0: Fielders Choice at 2nd, 3-6 (Groundball, 3S, EV 81.9 MPH)
|
|
Batting: LHB Ronn Van Krevelen
|
0-0: Called Strike 0-1: Ball 1-1: Ball 2-1: Called Strike 2-2: Ball 3-2: Ground out 4-3 (Groundball, 34, EV 108.1 MPH)
|
| Top of the 9th over - 0 runs, 0 hits, 0 errors, 1 left on base; Spartanburg 4 - Greenwood 2 |
| BOTTOM OF THE 9TH |
|
Greenwood Grizzlies batting - Pitching for Spartanburg Spartans : LHP Nick Fiorillo
|
|
Batting: RHB Carlos Urias
|
0-0: Ball 1-0: Called Strike 1-1: Foul Ball, location: 2F 1-2: Strikes out swinging
|
|
Batting: RHB Jordan Chavez
|
0-0: Foul Ball, location: 2F 0-1: Ground out 4-3 (Groundball, 4MS, EV 85.0 MPH)
|
|
Batting: RHB Richard Gonzalez
|
0-0: Ball 1-0: DOUBLE (Line Drive, 78M, EV 93.1 MPH)
|
|
Batting: RHB Dave Gallagher
|
0-0: Foul Ball, location: 2F 0-1: Ball 1-1: Ball 2-1: Ball 3-1: Foul Ball, location: 2F 3-2: Foul Ball, location: 2F 3-2: Fly out, F7 (Flyball, 7S, EV 86.3 MPH)
|
| Bottom of the 9th over - 0 runs, 1 hit, 0 errors, 1 left on base; Spartanburg 4 - Greenwood 2 |
|